Map: Lightshade LE

Players

A.I. 2 (Elite)

  • Race: Terran Terran

Zorohm - Winner!

  • Race: Zerg Zerg
  • League: Diamond

VOD

Have the link to the VOD?

Description

Time

  • Played on: June 6, 2021, 5:15 p.m.
  • Length: 6:10
Show
View Real Time Build Order
Export as new Build Order

A.I. 2 (Elite) Terran 

Build Orders:  

Get SALT Encoding   

  12  0:00  SCV  
  13  0:13  SCV  
  14  0:18  Supply Depot  
  14  0:25  SCV  
  15  0:28  Refinery  
  15  0:39  SCV  
  16  0:47  Barracks  
  16  0:51  SCV  
  17  1:03  SCV  
  18  1:08  Supply Depot  
  18  1:16  SCV  
  19  1:28  SCV  
  20  1:36  Marine  
  20  1:39  Factory  
  21  1:42  Barracks  
  21  1:43  SCV  
  22  1:53  Marine  
  23  1:55  SCV  
  24  2:01  Supply Depot  
  24  2:07  SCV  
  25  2:11  Marine  
  26  2:19  SCV  
  27  2:24  Factory Tech Lab  
  27  2:29  Marine  
  28  2:31  SCV  
  28  2:33  Marine  
  30  2:44  SCV, Siege Tank  
  34  3:02  Command Center  
  34  3:07  Orbital Command  
  34  3:13  Refinery  
  34  3:31  Factory  
  34  3:32  Marine  
  35  3:35  Marine  
  35  3:37  SCV  
  37  3:49  SCV  
  38  4:01  SCV  
  39  4:03  Supply Depot  
  39  4:13  SCV x2  
  41  4:17  Factory Tech Lab  
  41  4:18  Siege Tank  
  44  4:25  SCV x2  
  46  4:35  Siege Tank  
  46  4:37  SCV x2, Marine  
  52  4:38  Supply Depot  
  52  4:47  Supply Depot  
  52  4:49  SCV  
  52  4:50  SCV  
  54  4:53  Siege Tank  
  57  5:01  SCV  
  57  5:02  SCV  
  57  5:04  Supply Depot  
  59  5:08  Hellion, Refinery  
  59  5:14  SCV x2  
  63  5:15  Barracks Tech Lab, Refinery  
  63  5:20  Marine  
  56  5:26  SCV, Hellion  
  50  5:29  SCV, Siege Tank  
  50  5:33  Marine  
  55  5:38  Marine  
  55  5:41  SCV  
Show
View Real Time Build Order
Export as new Build Order

Zorohm Zerg - Winner!

Build Orders: Hatch First 

Get SALT Encoding   

  12  0:00  Drone  
  13  0:13  Overlord  
  13  0:17  Drone  
  14  0:31  Drone x2  
  16  0:48  Hatchery  
  15  0:52  Drone  
  15  0:55  Drone  
  17  0:58  Drone  
  18  1:09  Extractor  
  17  1:13  Spawning Pool  
  17  1:17  Drone  
  17  1:20  Drone  
  18  1:28  Drone  
  19  1:39  Overlord  
  19  1:49  Drone  
  20  2:00  Queen x2  
  25  2:01  Zergling x4  
  26  2:13  Drone x2  
  26  2:14  Metabolic Boost  
  28  2:22  Drone  
  29  2:23  Drone  
  30  2:35  Queen  
  30  2:36  Queen  
  34  2:38  Overlord  
  34  2:43  Overlord  
  34  2:58  Hatchery  
  33  2:59  Drone  
  33  3:01  Drone  
  33  3:04  Drone  
  36  3:06  Drone  
  36  3:10  Drone  
  36  3:11  Drone  
  39  3:17  Overlord  
  39  3:18  Drone  
  40  3:20  Drone  
  40  3:22  Drone  
  40  3:24  Drone  
  43  3:27  Drone  
  43  3:32  Extractor  
  43  3:35  Roach Warren  
  42  3:48  Overlord x3  
  42  4:18  Roach  
  42  4:19  Roach x9  
  42  4:21  Roach  
  64  4:25  Roach  
  64  4:29  Zergling x8  
  70  4:34  Overlord  
  70  4:36  Zergling x2  
  70  4:37  Zergling x2  
  72  4:44  Zergling x2  
  72  4:45  Zergling x2  
  74  4:51  Zergling x10  
  79  4:53  Zergling x2  
  79  4:55  Zergling x2  
  80  5:00  Zergling x2  
  80  5:04  Ravager x2  
  83  5:08  Ravager  
  83  5:09  Zergling x10  
  89  5:19  Zergling x10  
  88  5:23  Zergling x2  
  88  5:24  Zergling x2  
  86  5:33  Zergling x6  
  86  5:34  Overlord  
  89  5:43  Zergling x2  
  89  5:44  Zergling x2  
Tags
 
Add a new tag
Caveats
  • Supply blocks, unpowered buildings, or Contaminate may cause inaccurate times.
  • Supply counts are checked every 10 seconds.